 Dungeon Crawl Stone Soup version 0.27.1-34-g3ba077fa99 (webtiles) character file.

Game seed: 7972567879167060186

43 BigCheese the Magician (level 3, -1/21 HPs)
             Began as an Octopode Hedge Wizard on Jan 12, 2022.
             Succumbed to an adder's poison
             ... on level 2 of the Dungeon.
             The game lasted 00:05:16 (5703 turns).

BigCheese the Magician (Octopode Hedge Wizard)      Turns: 5703, Time: 00:05:16

Health: -1/21      AC:  1    Str:  9    XL:     3   Next: 58%
Magic:  5/8        EV: 13    Int: 17    God:
Gold:   101        SH:  0    Dex: 11    Spells: 8/9 levels left

rFire    . . .     SeeInvis .   a - +0 dagger
rCold    . . .     Faith    .   (no shield)
rNeg     . . .     Spirit   .   b - +0 hat
rPois    .         Reflect  .   (no amulet)
rElec    .         Harm     .   d - ring of resist corrosion
rCorr    +         Rampage  .   (no ring)
Will     .....     Rnd*Rage +   (no ring)
Stlth    +++.......             (no ring)
HPRegen  0.07/turn              (no ring)
MPRegen  0.11/turn              (no ring)
                                (no ring)
                                (no ring)

@: lethally poisoned (-1 -> -9), unable to read
A: almost no armour, amphibious, 8 rings, camouflage 1, gelatinous body 1,
(nimble swimmer 1), tentacles, berserk 1, inability to read while threatened
a: no special abilities


You were on level 2 of the Dungeon.
You visited 1 branch of the dungeon, and saw 2 of its levels.

You collected 101 gold pieces.

Inventory:

Hand Weapons
 a - a +0 dagger (weapon)
Armour
 b - a +0 hat (worn)
Jewellery
 d - a ring of resist corrosion (left tentacle)
Scrolls
 c - a scroll of vulnerability {unknown}
 e - a scroll of noise
 g - a scroll of amnesia
Potions
 f - a potion of lignification {unknown}


   Skills:
 + Level 2.4 Dodging
 + Level 3.1 Stealth
 + Level 3.7 Spellcasting
 + Level 1.5 Conjurations
 + Level 1.0 Summonings
 + Level 1.0 Translocations


You had 8 spell levels left.
You knew the following spells:

 Your Spells              Type           Power      Damage    Failure   Level
a - Magic Dart            Conj           32%        1d4       9%          1

Your spell library contained the following spells:

 Spells                   Type           Power      Damage    Failure   Level
 Blink                    Tloc           N/A        N/A       16%         2
 Call Imp                 Summ           6%         N/A       16%         2
 Slow                     Hex            3%         N/A       24%         2
 Conjure Flame            Conj/Fire      5%         6-21      34%         3
 Mephitic Cloud           Conj/Pois/Air  4%         N/A       36%         3


Dungeon Overview and Level Annotations

Branches:
Dungeon (2/15)

Altars:


Innate Abilities, Weirdness & Mutations

You cannot wear most types of armour.
You are amphibious.
You can wear up to eight rings at the same time.
Your skin changes colour to match your surroundings (Stealth+).
Your rubbery body absorbs attacks. (AC +1, EV +1)
((You are camouflaged near water. (Stealth+)))
You have tentacles for arms and can constrict up to eight enemies at once.
You tend to lose your temper in combat.
You sometimes lose the ability to read scrolls when taking damage.


Message History

You kill the rat!
You hear an angry hiss.
The magic dart hits the adder.
The adder is lightly wounded.
The magic dart hits the adder.
The adder is moderately wounded.
You hit the adder. Your grab misses the adder.
The adder is moderately wounded.
The adder bites you.
You are poisoned.
The adder poisons you! The adder closely misses you.
You hit the adder but do no damage. Your grab misses the adder.
The adder is moderately wounded.
You feel sick. The adder bites you.
You barely miss the adder. Your grab misses the adder.
The adder is moderately wounded.
You feel sick. The adder closely misses you.
You hit the adder. You grab the adder.
The adder is moderately wounded.
You constrict the adder.
You feel sick. The adder bites you but does no damage.
The kobold hits you with a +0 short sword.
You feel threatened and lose the ability to read scrolls!
* * * LOW HITPOINT WARNING * * *
The adder closely misses you.
The jackal barks!
You hit the adder but do no damage.
The adder is heavily wounded.
You can read scrolls again.
You constrict the adder.
You feel sick.
The kobold hits you with a +0 short sword.
* * * LOW HITPOINT WARNING * * *
The adder bites you.
You feel threatened and lose the ability to read scrolls!
* * * LOW HITPOINT WARNING * * *
You are more poisoned.
The adder poisons you!
You hit the adder but do no damage.
The adder is severely wounded.
You constrict the adder.
You die...

#.....#..............# #.≈≈≈≈≈
#.....#.#.#.##.......# #≈♣..#≈ #
#.............###.#### #≈≈.≈.≈
..............###.###K# ###.#.≈..
...#....###...##.† Jh #..≈≈♣≈≈.
...#....###...#..#. .#..###.≈≈..≈
...#....#.....#..#$#! ..#.....##.
..............#.S#####..###.#.##.
..#....###.####@K#.#..####......
..+.......##.[##..h..##..##.....
#..######....##...##....##.###
#..# #......#...#......#.###
#..#####..##..##.##..##..##...
#.....#..####..#.#..####..####
#..####..#..#..#.#..#.[#..#...
#.## #..##.#..#.#..#.##..#### #.#
##.†#.#...#...#.#..##


You could see an adder, a jackal and a kobold.

Vanquished Creatures
  An adder (D:2)
  2 worms (D:2)
  2 dart slugs
  3 goblins
  4 hobgoblins
  3 quokkas
  4 bats
  2 frilled lizards
  2 kobolds
  A rat (D:2)
24 creatures vanquished.

Notes
Turn   | Place    | Note
-------+----------+-------------------------------------------
     0 | D:1      | BigCheese the Octopode Hedge Wizard began the quest for the
                  | Orb.
     0 | D:1      | Reached XP level 1. HP: 11/11 MP: 4/4
    50 | D:1      | Gained mutation: You have a beak for a mouth. [potion of
                  | mutation]
    50 | D:1      | Gained mutation: You sometimes lose the ability to read
                  | scrolls when taking damage. [potion of mutation]
    50 | D:1      | Gained mutation: You tend to lose your temper in combat.
                  | [potion of mutation]
    50 | D:1      | Gained mutation: Your muscles are strong. (Str +2) [potion
                  | of mutation]
  2573 | D:1      | Lost mutation: You have a beak for a mouth. [potion of
                  | mutation]
  2573 | D:1      | Lost mutation: You sometimes lose the ability to read
                  | scrolls when taking damage. [potion of mutation]
  2573 | D:1      | Lost mutation: Your muscles are strong. (Str +2) [potion of
                  | mutation]
  2573 | D:1      | Gained mutation: You sometimes lose the ability to read
                  | scrolls when taking damage. [potion of mutation]
  3878 | D:1      | Reached XP level 2. HP: 17/17 MP: 0/6
  4052 | D:1      | Found a faded altar of an unknown god.
  4628 | D:2      | Reached XP level 3. HP: 21/21 MP: 1/8
  5702 | D:2      | HP: 1/21 [adder (3)]
  5703 | D:2      | Succumbed to an adder's poison

Illustrated notes

Levels and vault maps discovered:
D:1:      heliophobic_arrival_glass_houses, layout_rooms,
          serial_co_window_serial, co_window_corner_a, co_window_paths_b,
          co_window_paths_a, co_window_paths_a, co_window_corner_a,
          co_window_corner_ca, co_window_2corner, co_window_broadway_a,
          co_window_unsneaky_path_b, co_window_unsneaky_path_e, glass_columns_a,
          glass_columns_b, glass_columns_a, glass_columns_b, glass_columns_a,
          hellmonk_ecumenical_altar_heavens_door
D:2:      layout_basic, serial_rivers, chequers_serial_rivers_micro_c,
          chequers_serial_rivers_small_b, chequers_serial_rivers_marsh,
          chequers_serial_rivers_micro_d, minmay_puff

Skill      XL: |  1  2 |
---------------+-------+-----
Stealth        | 3 |  3.1
Dodging        | |  2.4
Spellcasting   | |  3.7
Conjurations   | |  1.5
Summonings     | |  1.0
Translocations | |  1.0

Action                   || total
-------------------------++-------
Melee: Dagger            ||    33
       Constrict         ||     9
       Tentacles         ||     5
 Cast: Magic Dart        ||    67
  Use: Potion            ||     2
       Scroll            ||     2
Armor: Skin              ||     6
Dodge: Dodged            ||    26
